Map: Ultralove

Players

KimChiLoVer - Winner!

  • Race: Terran Terran
  • Spawn Location: 7:00

A.I. 1 (Elite)

  • Race: Terran Terran
  • Spawn Location: 1:00

VOD

Have the link to the VOD?

Description

Time

  • Played on: Aug. 5, 2025, 8:31 p.m.
  • Length: 11:08
Show
View Real Time Build Order
Export as new Build Order

KimChiLoVer Terran - Winner!

Build Orders: Reaper Expand 

Get SALT Encoding   

  12  0:00  SCV  
  13  0:16  Supply Depot  
  13  0:18  SCV  
  14  0:30  SCV  
  15  0:39  Barracks  
  15  0:42  SCV  
  16  0:45  Refinery  
  16  0:54  SCV  
  17  1:06  SCV  
  18  1:19  SCV  
  19  1:28  Reaper  
  19  1:31  Orbital Command  
  20  1:42  Command Center  
  20  1:53  Supply Depot  
  20  1:57  SCV  
  21  2:10  SCV  
  22  2:18  Factory  
  22  2:22  Refinery  
  22  2:29  Barracks Reactor  
  22  2:35  SCV  
  23  2:47  SCV  
  24  2:59  SCV, Orbital Command  
  24  3:03  Starport  
  25  3:05  Marine  
  25  3:06  Marine  
  25  3:09  Factory Tech Lab  
  25  3:11  SCV  
  28  3:21  Command Center  
  28  3:23  SCV  
  29  3:27  Marine x2  
  31  3:35  SCV  
  31  3:36  SCV  
  31  3:40  Factory Reactor  
  33  3:47  SCV  
  34  3:51  Barracks  
  34  3:55  Marine, Stimpack  
  34  3:59  Medivac  
  34  4:01  Barracks  
  37  4:03  Medivac  
  37  4:05  SCV  
  40  4:13  Supply Depot  
  40  4:17  SCV, Marine  
  40  4:23  SCV  
  43  4:28  Factory Tech Lab  
  43  4:30  SCV  
  44  4:32  Medivac  
  44  4:33  Supply Depot  
  44  4:35  Marine, Orbital Command  
  44  4:38  SCV  
  48  4:42  SCV  
  48  4:44  Engineering Bay  
  49  4:50  SCV  
  50  4:53  Marine, Barracks Reactor  
  50  4:54  SCV  
  50  4:56  Marine  
  50  4:57  Marine  
  54  5:08  Barracks x2  
  54  5:10  SCV, Engineering Bay  
  54  5:11  SCV  
  54  5:12  SCV  
  57  5:16  Refinery x2  
  57  5:20  Marine, Orbital Command  
  57  5:21  Marine x2  
  60  5:22  SCV  
  61  5:31  Terran Infantry Weapons Level 1  
  61  5:32  Factory Reactor  
  61  5:34  SCV x2  
  63  5:38  Marine x4  
  63  5:39  Marine  
  68  5:44  Combat Shield  
  68  5:46  SCV  
  68  5:49  SCV  
  70  5:52  Terran Infantry Armor Level 1  
  70  5:56  Armory, Marine x5  
  75  6:00  SCV  
  75  6:01  SCV  
  77  6:21  Supply Depot  
  77  6:24  SCV, Medivac x2  
  77  6:25  Marine x5, Supply Depot x2  
  82  6:26  Marine x2  
  89  6:35  Marine  
  89  6:36  SCV  
  89  6:37  Concussive Shells  
  91  6:43  Marine x3  
  91  6:44  Marauder  
  96  6:47  Terran Vehicle And Ship Armor Level 1, Starport  
  96  6:48  SCV  
  99  6:54  Marauder  
  99  7:01  SCV, Factory Tech Lab  
  99  7:13  SCV  
  94  7:19  Marine x3, Marauder x2  
  94  7:20  Marine  
  98  7:25  SCV  
  87  7:32  SCV  
  87  7:35  SCV  
  85  7:37  SCV  
  85  7:39  Marine x2, Supply Depot  
  85  7:40  Starport Reactor  
  85  7:41  Marauder x2  
  92  7:44  SCV, Marine x2  
  92  7:47  SCV  
  92  7:49  SCV  
  92  7:51  Terran Infantry Armor Level 2, Terran Infantry Weapons Level 2  
  97  7:53  Barracks  
  97  7:55  Barracks  
  97  7:56  SCV, Barracks  
  97  7:59  Command Center  
  97  8:01  Marine  
  97  8:02  Marauder x2  
  102  8:08  SCV  
  103  8:19  Marine  
  103  8:20  Marine x5  
  103  8:22  Medivac x3  
  103  8:23  Marauder  
  103  8:24  Marauder  
  119  8:37  Marine x3  
  119  8:38  Marine x3  
  125  8:42  Supply Depot x2  
  125  8:45  Barracks Reactor x3  
  125  8:53  Refinery  
  125  8:54  Refinery  
  125  9:03  Marine x6  
  125  9:04  Marauder x2  
  125  9:05  Command Center  
  135  9:21  Marine x6  
  135  9:22  Marine  
  135  9:23  Marine x4  
  146  9:24  Orbital Command  
  146  9:25  Marauder x2  
  150  9:35  Liberator x2  
  156  9:44  Marine, Viking x2  
  161  9:45  Supply Depot  
  161  9:46  Marauder  
  161  9:49  Supply Depot  
  163  9:53  Marauder  
  163  9:56  Supply Depot  
  163  9:58  Supply Depot  
  163  9:59  Marine x5  
  170  10:00  Supply Depot  
  170  10:08  Marauder  
  170  10:09  Marine  
  170  10:10  Marine  
  87  10:14  Viking x2  
  174  10:15  Marauder  
  174  10:18  Medivac  
  182  10:29  Marauder  
  184  10:36  Marauder  
Show
View Real Time Build Order
Export as new Build Order

A.I. 1 (Elite) Terran 

Build Orders: 2 Factory, Mech 

Get SALT Encoding   

  12  0:00  SCV  
  13  0:13  SCV  
  14  0:18  Supply Depot  
  14  0:25  SCV  
  15  0:40  SCV  
  15  0:41  Barracks  
  16  0:52  SCV  
  17  1:04  SCV  
  18  1:16  SCV  
  18  1:17  Supply Depot  
  19  1:21  Refinery  
  19  1:28  SCV, Marine  
  21  1:40  SCV  
  21  1:46  Marine  
  23  1:50  Refinery  
  23  1:52  SCV  
  24  2:04  SCV, Marine  
  26  2:16  SCV  
  26  2:20  Factory  
  26  2:22  Marine  
  28  2:29  SCV  
  29  2:39  Marine  
  29  2:41  SCV, Factory  
  29  2:43  Supply Depot  
  31  2:53  Orbital Command  
  31  3:04  Marine  
  32  3:06  Factory Tech Lab  
  32  3:18  SCV  
  33  3:22  Marine, Command Center  
  33  3:25  Factory Tech Lab  
  33  3:30  SCV  
  34  3:42  SCV  
  35  3:55  SCV  
  36  4:07  SCV  
  36  4:09  Barracks  
  37  4:15  Supply Depot  
  37  4:19  SCV  
  38  4:31  SCV  
  39  4:34  SCV, Siege Tank x2  
  46  4:39  Marine, Supply Depot  
  46  4:43  SCV  
  48  4:46  SCV  
  48  4:50  Supply Depot  
  49  4:55  SCV  
  49  4:58  SCV  
  51  5:02  Barracks  
  51  5:06  Hellion, Siege Tank  
  56  5:07  SCV  
  56  5:10  SCV  
  58  5:19  SCV, Barracks Tech Lab  
  59  5:21  Infernal Pre-Igniter  
  59  5:25  Factory  
  59  5:27  Siege Tank  
  62  5:28  Command Center  
  62  5:38  Hellion  
  64  5:49  Armory  
  64  6:00  Hellion  
  64  6:01  Hellion  
  68  6:07  Armory  
  68  6:18  Hellion  
  70  6:21  Supply Depot  
  70  6:26  Siege Tank  
  73  6:35  Hellion  
  73  6:37  Terran Vehicle And Ship Armor Level 1  
  75  6:40  SCV  
  75  6:41  SCV x2  
  78  6:49  Refinery  
  78  6:52  SCV  
  79  6:54  Terran Vehicle Weapons Level 1  
  79  6:59  Refinery  
  77  7:02  SCV x2, Siege Tank  
  77  7:04  SCV  
  66  7:14  SCV x2  
  64  7:17  SCV  
  55  7:54  SCV, Marine  
  55  7:55  SCV x2, Hellion x2  
  63  8:03  Hellion  
  65  8:07  SCV x2  
  65  8:10  SCV  
  68  8:19  SCV x2  
  70  8:22  SCV  
  71  8:31  SCV  
  71  8:32  SCV  
  73  8:34  SCV  
  74  8:43  SCV  
  74  8:44  SCV  
  74  8:46  SCV  
  77  8:55  SCV  
  78  8:56  SCV  
  78  8:58  SCV  
  78  9:03  Hellion  
  78  9:07  Marauder  
  78  9:08  SCV  
  78  9:09  Marine  
  76  9:10  SCV  
  74  9:20  SCV  
  74  9:22  SCV  
  74  9:40  Command Center  
  74  9:41  Marine  
  74  9:45  Marine  
  76  9:47  Marine  
  77  9:54  Supply Depot  
  77  9:57  SCV  
  77  9:59  Marine  
  79  10:00  SCV  
  80  10:09  SCV  
  80  10:12  SCV  
  82  10:20  Marauder  
  84  10:21  SCV  
  84  10:24  Orbital Command  
  84  10:27  Supply Depot  
  84  10:36  SCV  
  69  10:52  SCV  
Tags
 
Composition
Mech
Matchup
TvT
Race
Terran
Spawn Locations
Cross Positions
Add a new tag
Caveats
  • Supply blocks, unpowered buildings, or Contaminate may cause inaccurate times.
  • Supply counts are checked every 10 seconds.